 Dungeon Crawl Stone Soup version 0.31-a0-174-g85c54bcb58 (webtiles) character file.

Game seed: 793686270610593071

1750 IdlyInterested the Trooper (level 8, -3/67 HPs)
             Began as a Demonspawn Fighter on June 15, 2023.
             Killed by divine providence
             ... invoked by an orc priest
              (13 damage)
             ... on level 6 of the Dungeon.
             The game lasted 00:16:43 (4883 turns).

IdlyInterested the Trooper (Demonspawn Fighter)     Turns: 4883, Time: 00:16:44

Health: -3/67      AC: 19    Str: 17    XL:     8   Next: 78%
Magic:  8/8        EV:  9    Int:  9    God:
Gold:   295        SH:  0    Dex: 15    Spells: 7/7 levels left

rFire   . . .        f - +2 hand axe (drain)
rCold   . . .        (no shield)
rNeg    . . .        z - +7 chain mail "Eroeto Fus" {rPois rCorr}
rPois   +            (no helmet)
rElec   .            (no cloak)
rCorr   +            (no gloves)
SInv    .            v - +1 pair of boots {Fly}
Will    .....        (no amulet) Stlth
                     u - ring of poison resistance
HPRegen 0.31/turn    (no ring)
MPRegen 0.11/turn

%: no passive effects
@: flying, slowed, very slow
A: claws 1, ignite blood 1
a: no special abilities


You were on level 6 of the Dungeon.
You visited 1 branch of the dungeon, and saw 6 of its levels.

You collected 295 gold pieces.

Inventory:

Hand Weapons
 a - a +0 long sword
 f - a +2 hand axe of draining (weapon)
 m - a +2 dagger of freezing
 n - a +0 war axe
 w - a +0 hand axe
 x - a +0 war axe
 A - a +2 whip of electrocution
Missiles
 e - 6 poisoned darts
 i - 19 stones (quivered)
 j - a throwing net
 k - 6 atropa-tipped darts
 o - 5 curare-tipped darts
Armour
 b - a +1 scale mail
 c - a +0 buckler
 v - a +1 pair of boots of flying (worn)
 z - the +7 chain mail "Eroeto Fus" (worn) {rPois rCorr}
   (You found it on level 5 of the Dungeon)

   rPois:     It protects you from poison.
   rCorr:     It protects you from acid and corrosion.
Magical Staves
 p - a staff of poison
Jewellery
 u - a ring of poison resistance (left claw)
Scrolls
 q - a scroll of silence
 s - a scroll of enchant armour
 y - a scroll of enchant weapon
 B - a scroll of revelation {unknown}
Potions
 d - a potion of might
 g - a potion of cancellation
 h - a potion of enlightenment
 l - a potion of heal wounds
 r - a potion of curing
 t - a potion of haste {unknown}
 C - a potion of mutation {unknown}


   Skills:
 + Level 7.5 Fighting
 - Level 2.0 Long Blades
 - Level 2.0 Axes
 - Level 1.0 Throwing
 * Level 5.8 Armour
 - Level 4.1 Dodging
 - Level 1.0 Stealth
 - Level 2.6 Shields
 - Level 3.0 Unarmed Combat
 - Level 1.0 Evocations


You had 7 spell levels left.
You didn't know any spells.
Your spell library contained the following spells:

 Spells                   Type           Power      Damage    Failure   Level
 Cigotuvi's Dreadful Rot  Necr/Pois/Air  0%         N/A       99%         2
 Call Canine Familiar     Summ           0%         N/A       100%        3
 Ignite Poison            Fire/Tmut/Pois 0%         N/A       100%        3
 Portal Projectile        Hex/Tloc       0%         N/A       100%        3
 Vhi's Electric Charge    Tloc/Air       0%         N/A       100%        3
 Leda's Liquefaction      Hex/Erth       0%         N/A       100%        4
 Arcjolt                  Conj/Air       0%         1d10      100%        5
 Freezing Cloud           Conj/Ice/Air   0%         6-21      100%        5
 Maxwell's Capacitive Co  Air            0%         ∞         100%        8


Dungeon Overview and Level Annotations

Branches:
Dungeon (6/15)
 Temple: D:4-7

Altars:
Makhleb


Innate Abilities, Weirdness & Mutations

You have sharp fingernails.
Your demonic aura sometimes causes spilled blood to erupt in flames.


Message History

You hear a splashing noise.
The howler monkey hits you.
The kobold brigand hits you with a +0 short sword.
The ogre closely misses you. The howler monkey hits you.
You hear a splashing noise.
You hear two shouts!
You hear a shout!
You barely miss the ogre. You hit the kobold brigand.
You drain the kobold brigand. You hit the howler monkey.
You drain the howler monkey. You barely miss the howler monkey.
You completely miss something.
The howler monkey hoots and howls with incredible vigour!
The kobold brigand hits you with a +0 short sword.
The howler monkey splashes around in the water.
The howler monkey hits you but does no damage.
The orc priest calls down the wrath of Beogh upon you.
Pain shoots through your body! Something hits you but does no damage.
The ogre closely misses you.
The kobold brigand hits you but does no damage.
The howler monkey misses you. The howler monkey closely misses you.
You hear a shout! x4
You barely miss the ogre. You miss something.
You closely miss the kobold brigand. You hit the howler monkey. x2
You drain the howler monkey.
You hear some strange, mumbled words.
Something tries to affect you, but you resist.
The howler monkey hoots and howls with incredible vigour!
The bullfrog hits you.
* * * LOW HITPOINT WARNING * * *
The howler monkey hits you but does no damage.
The kobold brigand hits you but does no damage.
The ogre hits you with a +0 giant spiked club!
* * * LOW HITPOINT WARNING * * *
You hear some strange, mumbled words.
A magic dart appears from out of thin air!
The magic dart hits you but does no damage.
The bullfrog completely misses you.
The howler monkey hits you but does no damage.
The kobold brigand closely misses you.
The orc priest calls down the wrath of Beogh upon you.
Beogh smites you!
You die...

.# .## ...# . ...#..
##################......
................h.......
..~~~~~~~~~~~~OKh≈≈~~...
..~≈≈≈≈≈≈≈≈≈≈≈≈≈@F≈≈~...
..~≈#####~~~~~≈O{O~o~...
..~≈#.Oo#.......hg......
.P~≈#...#############'''
..~≈###+# .. ..~~≈.# .
..≈≈~.# ..~≈≈.# ..~≈≈.#


You could see a kobold brigand (drained), 3 ogres, a bullfrog, 2 howler monkeys,
a hound, an orc priest and a gnoll.

Vanquished Creatures
  A warg (D:6)
  An acid dragon (D:6)
  An ice beast (D:4)
  3 black bears
  2 centaurs
  A phantom (D:5)
  A kobold brigand (D:6)
  4 scorpions
  5 howler monkeys (D:6)
  7 hounds
  A jelly (D:5)
  A sleepcap (D:5)
  An iguana (D:5)
  6 gnolls
  2 adders (D:2)
  An ufetubus (D:4)
  3 worms
  A dart slug (D:5)
  4 orcs
  4 ball pythons
  2 bats
  4 endoplasms
  3 giant cockroaches
  8 goblins
  7 hobgoblins
  A jackal (D:4)
  4 quokkas
  A frilled lizard (D:2)
  13 kobolds
  2 rats
95 creatures vanquished.

Notes
Turn   | Place    | Note
-------+----------+-------------------------------------------
     0 | D:1      | IdlyInterested the Demonspawn Fighter began the quest for
                  | the Orb.
     0 | D:1      | Reached XP level 1. HP: 18/18 MP: 1/1
   281 | D:1      | Gained mutation: Your demonic aura sometimes causes spilled
                  | blood to erupt in flames. [demonic ancestry]
   281 | D:1      | Reached XP level 2. HP: 24/24 MP: 2/2
  1125 | D:2      | Gained mutation: You have sharp fingernails. [demonic
                  | ancestry]
  1125 | D:2      | Reached XP level 3. HP: 20/30 MP: 3/3
  1250 | D:2      | Reached skill level 4 in Fighting
  1250 | D:2      | Reached skill level 1 in Dodging
  1489 | D:2      | Reached XP level 4. HP: 37/37 MP: 4/4
  1890 | D:3      | Found a burning altar of Makhleb.
  2351 | D:3      | Found a faded altar of an unknown god.
  2525 | D:4      | Noticed an ice beast
  2539 | D:4      | Killed an ice beast
  2540 | D:4      | Reached XP level 5. HP: 25/43 MP: 5/5
  2849 | D:4      | Noticed a black bear
  2855 | D:4      | Killed a black bear
  2856 | D:4      | Reached XP level 6. HP: 48/50 MP: 6/6
  2958 | D:4      | Reached skill level 5 in Fighting
  3386 | D:4      | Reached skill level 1 in Stealth
  3386 | D:4      | Reached skill level 1 in Unarmed Combat
  3636 | D:4      | Reached skill level 1 in Evocations
  3974 | D:5      | Entered Level 5 of the Dungeon
  3987 | D:5      | Reached skill level 1 in Throwing
  3987 | D:5      | Reached XP level 7. HP: 45/56 MP: 7/7
  4174 | D:5      | Reached skill level 1 in Axes
  4240 | D:5      | Reached skill level 6 in Fighting
  4294 | D:5      | Identified the +7 chain mail "Eroeto Fus" {rPois rCorr}
  4393 | D:5      | Reached XP level 8. HP: 59/65 MP: 8/8
  4764 | D:6      | Reached skill level 7 in Fighting
  4768 | D:6      | Reached skill level 5 in Armour
  4883 | D:6      | Killed from afar by an orc priest

Illustrated notes

Levels and vault maps discovered:
D:1:      lightli_arrival_chessboard, layout_loops_corners, minmay_pentomino_u2
D:2:      layout_basic, grunt_ministairs_5, chequers_serial_rivers_large_a,
          lightli_corner_chamber
D:3:      layout_loops_corners, mainiacjoe_overflow_concentric_impassable,
          chequers_ecumenical_altar_twisty
D:4:      layout_layer_cave, grunt_tough_drop
D:5:      layout_rooms
D:6:      lemuel_castle_with_subvaults [lemuel_castle_interior_carwin_1],
          layout_gridville, uniq_pikel

Skill      XL: |  1  2  3  4  5  6  7  8 |
---------------+-------------------------+-----
Long Blades    | 2 |  2.0
Armour         | 3 5 |  5.8
Fighting       | 4 5 6 7 |  7.5
Dodging        | 1 3 4 |  4.1
Stealth        | 1 |  1.0
Unarmed Combat | 2 3 |  3.0
Evocations     | 1 |  1.0
Throwing       | 1 |  1.0
Axes           | 2 |  2.0
Shields        | |  2.6

Action                     |  1- 3 |  4- 6 |  7- 9 || total
---------------------------+-------+-------+-------++-------
  Melee: Hand axe          |    64 |    90 |   118 ||   272
         Long sword        |     2 |       |       ||     2
         Punch             |       |       |     5 ||     5
    Use: Scroll            |     4 |     5 |     2 ||    11
         Potion            |       |     1 |       ||     1
 Armour: Scale mail        |    31 |    41 |    38 ||   110
         Chain mail        |       |       |    93 ||    93
  Dodge: Dodged            |    22 |    62 |   109 ||   193
  Block: Buckler           |    20 |    19 |       ||    39

Table legend: (Time is in decaauts)
 A = Elapsed time spent in this place.
 B = Non-inter-level travel time spent in this place.
 C = Inter-level travel time spent in this place.
 D = Time resting spent in this place.
 E = Time spent auto-exploring this place.
 F = Levels seen in this place.
 G = Mean time per level.
                   A        B        C        D        E       F      G
               +--------+--------+--------+--------+--------+-----+--------+
         Total |   4985 |   4413 |    572 |    400 |   2923 |   6 |  830.8 |
       Dungeon |   4985 |   4413 |    572 |    400 |   2923 |   6 |  830.8 |
               +--------+--------+--------+--------+--------+-----+--------+

Top non-repeatable levels by time:
     D:4: 1499 daAuts
     D:3: 929 daAuts
     D:1: 908 daAuts
     D:2: 888 daAuts
     D:5: 534 daAuts
     D:6: 225 daAuts
